 Dungeon Crawl Stone Soup version 0.21.0-3-g78d12a8 (webtiles) character file.

403 dobroeutro the Slasher (level 6, 0/47 HPs)
             Began as a Demonspawn Fighter on Jan 16, 2018.
             Slain by an ogre
             ... wielding a +0 giant spiked club
              (17 damage)
             ... on level 4 of the Dungeon.
             The game lasted 00:03:24 (2389 turns).

dobroeutro the Slasher (Demonspawn Fighter)         Turns: 2389, Time: 00:03:25

Health: 0/47       AC:  8    Str: 19    XL:     6   Next: 55%
Magic:  6/6        EV:  7    Int:  9    God:
Gold:   208        SH:  9    Dex: 12    Spells: 5/5 levels left

rFire    . . .     SeeInvis .   a - +0 long sword
rCold    . . .     Gourm    .   c - +0 shield
rNeg     . . .     Faith    .   b - +0 scale mail
rPois    .         Spirit   .   (helmet restricted)
rElec    .         Reflect  .   (no cloak)
rCorr    .         Harm     .   (no gloves)
MR       .....                  (no boots)
Stlth    ..........             (no amulet)
HPRegen  0.15/turn              (no ring)
MPRegen  0.10/turn              (no ring)

@: no status effects
A: antennae 2, iridescent scales 1, spiny 1
a: no special abilities


You were on level 4 of the Dungeon.
You were very hungry.

You visited 1 branch of the dungeon, and saw 4 of its levels.

You collected 208 gold pieces.

Inventory:

Hand Weapons
 a - a +0 long sword (weapon)
Armour
 b - a +0 scale mail (worn)
 c - a +0 shield (worn)
Scrolls
 e - a scroll of amnesia {unknown}
 g - 4 scrolls of teleportation {unknown}
 h - 2 scrolls of identify {unknown}
 i - a scroll of noise {unknown}
 j - a scroll of fear {unknown}
 l - 2 scrolls of remove curse {unknown}
 n - a scroll of enchant weapon {unknown}
 o - a scroll of fog {unknown}
Potions
 k - a potion of flight {unknown}
 m - a potion of heal wounds
 q - a potion of brilliance {unknown}
Comestibles
 f - 7 rations


   Skills:
 - Level 3.0 Fighting
 + Level 6.5 Long Blades
 - Level 2.6 Armour
 - Level 2.6 Shields


You had 5 spell levels left.
You didn't know any spells.

Dungeon Overview and Level Annotations

Branches:
Dungeon (4/15)
 Temple: D:4-7

Altars:
Xom


Innate Abilities, Weirdness & Mutations

You have a pair of antennae on your head.
You are partially covered in iridescent scales. (AC +2)
You are partially covered in sharp spines.


Message History

The ogre hits you with a giant spiked club!!
Unknown command.
There is an open door here.
There is an open door here.
There is an open door here.
There is an open door here.
There is an open door here.
You are feeling very hungry.
There is a stone staircase leading up here.
There is an open door here.
There is an open door here.
There is an open door here.
There is an open door here.
The ogre is struck by your spines.
The ogre hits you with a giant spiked club!
There is a stone staircase leading up here.
You slash the ogre!
The ogre is moderately wounded.
The ogre hits you with a giant spiked club!
You die...

.............#.>........#.....#..
.............#..........+.....#..
.............#..........#.....+..
.............###...##..##.....###
################...##..###+##....
.........#............#....
.........#............#....
........'............#....
.##....#@O..........'....
#...##.......##...#....
##...###########...#####
+.............#.....#
#.............#.....#
#.............#.....#
###..###......##...##
#######......##...#
#.....'......#....#


You could see an ogre.

Vanquished Creatures
  The ghost of Fingolfin the Poker, an amateur MiBe of Trog (D:3)
  An orc priest (D:3)
  3 orc wizards
  A worker ant (D:4)
  4 gnolls (D:3)
  5 adders
  3 leopard geckos
  14 orcs
  4 bats
  4 giant cockroaches
  10 goblins
  6 hobgoblins
  5 jackals
  5 kobolds (D:3)
  3 quokkas
  3 ball pythons
  2 frilled lizards
  8 rats
82 creatures vanquished.

Notes
Turn   | Place    | Note
-------+----------+-------------------------------------------
     0 | D:1      | dobroeutro the Demonspawn Fighter began the quest for the Orb.
     0 | D:1      | Reached XP level 1. HP: 18/18 MP: 1/1
    44 | D:1      | Reached skill level 2 in Long Blades
   219 | D:1      | Gained mutation: You are partially covered in iridescent scales. (AC +2) [demonic ancestry]
   219 | D:1      | Reached XP level 2. HP: 24/24 MP: 2/2
   617 | D:2      | Reached skill level 3 in Long Blades
   633 | D:2      | Gained mutation: You are partially covered in sharp spines. [demonic ancestry]
   633 | D:2      | Reached XP level 3. HP: 5/29 MP: 3/3
  1053 | D:2      | Reached XP level 4. HP: 34/35 MP: 4/4
  1059 | D:2      | Reached skill level 4 in Long Blades
  1514 | D:3      | Gained mutation: You have a pair of small antennae on your head. [demonic ancestry]
  1514 | D:3      | Reached XP level 5. HP: 34/41 MP: 5/5
  1617 | D:3      | Reached skill level 5 in Long Blades
  1821 | D:3      | Noticed Fingolfin's ghost (amateur MiBe)
  1827 | D:3      | Killed Fingolfin's ghost
  1827 | D:3      | Reached skill level 6 in Long Blades
  1827 | D:3      | Gained mutation: You have a pair of antennae on your head. [demonic ancestry]
  1827 | D:3      | Reached XP level 6. HP: 44/47 MP: 6/6
  1902 | D:3      | Found a shimmering altar of Xom.
  2389 | D:4      | Slain by an ogre

Skill      XL: |  1  2  3  4  5 |
---------------+----------------+-----
Long Blades    | 2 3 4 6 |  6.5
Fighting       | |  3.0
Armour         | |  2.6
Shields        | |  2.6

Action                   |  1- 3 |  4- 6 || total
-------------------------+-------+-------++-------
Melee: Long sword        |   104 |   127 ||   231
  Use: Potion            |     3 |     1 ||     4
  Eat: Chunk             |       |     4 ||     4
Armor: Scale mail        |    59 |    65 ||   124
Dodge: Dodged            |    32 |    32 ||    64
Block: Shield            |    51 |    77 ||   128
       Rpst.: Long sword |     6 |    10 ||    16
